 Dungeon Crawl Stone Soup version 0.31.0-9-g3a7656b989 (webtiles) character file.

Game seed: 2388913100589777686

1060 qw the Skirmisher (level 8, -4/44 HPs)
             Began as a Deep Elf Hunter on Feb 2, 2024.
             Slain by a gnoll sergeant
             ... wielding a +0 spear
              (8 damage)
             ... on level 4 of the Dungeon.
             The game lasted 00:00:18 (2872 turns).

qw the Skirmisher (Deep Elf Hunter)                 Turns: 2872, Time: 00:00:18

Health: -4/44      AC:  9    Str: 13    XL:     8   Next: 6%
Magic:  10/10      EV: 12    Int: 18    God:
Gold:   213        SH:  5    Dex: 18    Spells: 7/7 levels left

rFire   + . .        a - +1 shortbow (elec)
rCold   . . .        (shield currently unavailable)
rNeg    . . .        h - +0 ring mail {rPois}
rPois   +            (no helmet)
rElec   .            i - +2 cloak
rCorr   .            b - +0 pair of gloves "Meraiff" {+Blink Str+3 Int+3}
SInv    .            (no boots)
Will    .....        o - amulet of reflection
Stlth   +            n - ring of protection from fire
HPRegen 0.27/turn    (no ring)
MPRegen 0.12/turn

%: reflection
@: no status effects
A: no striking features
a: Evoke Blink


You were on level 4 of the Dungeon.
You visited 1 branch of the dungeon, and saw 4 of its levels.
You also visited: Sewer.

You collected 213 gold pieces.


   Skills:
 + Level 2.1 Fighting
 - Level 12.4 Ranged Weapons
 - Level 1.0 Armour
 - Level 4.0 Dodging
 - Level 1.2 Stealth


You had 7 spell levels left.
You didn't know any spells.
Your spell library was empty.

Inventory:

Hand Weapons
 a - a +1 shortbow of electrocution (weapon)
Armour
 b - the +0 pair of gloves "Meraiff" (worn) {+Blink Str+3 Int+3}
   (You found it on level 2 of the Dungeon)

   Str+3:     It affects your strength (+3).
   Int+3:     It affects your intelligence (+3).
   +Blink:    It lets you blink.
 h - a +0 ring mail of poison resistance (worn)
 i - a +2 cloak (worn)
Jewellery
 n - a ring of protection from fire (left hand)
 o - an amulet of reflection (around neck)
Scrolls
 c - a scroll of identify
 f - a scroll of revelation {unknown}
Potions
 d - 7 potions of curing

Dungeon Overview and Level Annotations

Branches:
Dungeon (4/15)              Sewer (visited)
 Temple: D:4-7

Altars:
Elyvilon
Kikubaaqudgha


Message History

The arrow barely misses the gnoll sergeant.
The gnoll sergeant closely misses you.
The gnoll hits you from afar with a +0 spear.
An orc priest comes into view.
It is wielding a +0 dagger and wearing a +3 leather armour of poison resistance.
You shoot an arrow. The arrow closely misses the orc.
The orc priest shouts!
The arrow hits the gnoll sergeant but does no damage.
The gnoll sergeant barely misses you. The orc closely misses you.
The gnoll hits you from afar with a +0 spear!
The orc priest casts a cantrip, but nothing happens.
You shoot an arrow. The arrow closely misses the orc.
The arrow hits the gnoll sergeant but does no damage.
You block the gnoll sergeant's attack. The orc hits you but does no damage.
The gnoll hits you but does no damage.
You shoot an arrow. The arrow closely misses the orc.
The arrow hits the gnoll sergeant but does no damage.
You shoot an arrow. The arrow hits the orc.
The orc is severely wounded.
The gnoll sergeant hits you but does no damage.
You block the orc's attack. The gnoll barely misses you.
You shoot an arrow. The arrow hits the orc!
You kill the orc!
The gnoll sergeant barely misses you.
The orc priest miscasts a cantrip.
You block the gnoll's attack.
You shoot an arrow. You block the gnoll's attack.
The gnoll sergeant hits you from afar with a +0 spear.
You hear some strange, mumbled words.
A puff of flame appears from out of thin air!
The puff of flame hits you but does no damage.
You shoot an arrow.
The gnoll sergeant hits you from afar with a +0 spear!
The orc throws a boomerang.
You block the gnoll's attack.
You hear some strange, mumbled words.
Something tries to affect you, but you resist.
You shoot an arrow. The arrow hits the gnoll sergeant!
The gnoll sergeant is moderately wounded.
The gnoll sergeant hits you from afar with a +0 spear!
You die...

~#~## ....
....... #.#~# )..
..#..# ~#~## $.
<....# #~#~# #.
#...%### ~#~##
######.##.......
#~#~#
...........#.###.
~#~##
######..ggo..>...
~### ####{##.####
.# #@# # .# #.#
.# #.# .# #.# .#
#.# .# #.# .# #.#
## #.# ###.#


You could see a gnoll sergeant, a gnoll and an orc.

Vanquished Creatures
  Pikel (D:4)
  A lemure (D:4)
  Blork the orc (D:4)
  2 bullfrogs (Sewer)
  A bombardier beetle (D:3)
  A jelly (D:4)
  10 gnolls
  15 adders
  7 dart slugs
  3 ribbon worms
  2 orcs
  12 endoplasms
  6 giant cockroaches
  3 goblins
  5 hobgoblins
  4 jackals (D:1)
  8 kobolds
  A quokka (D:2)
  8 ball pythons
  6 bats
  13 frilled lizards
  7 rats
117 creatures vanquished.

Notes
Turn   | Place    | Note
-------+----------+-------------------------------------------
     0 | D:1      | qw the Deep Elf Hunter began the quest for the Orb.
     0 | D:1      | Reached XP level 1. HP: 12/12 MP: 3/3
     0 | D:1      | 0 ||| qw: Version: 0.3-a-155-g5e7d8dd
     0 | D:1      | 0 ||| qw: Game counter: 2129
     0 | D:1      | 0 ||| qw: Melee chars always use a shield: true
     0 | D:1      | 0 ||| qw: God list: Okawaru
     0 | D:1      | 0 ||| qw: Allow faded altars: false
     0 | D:1      | 0 ||| qw: Do Orc after clearing Dungeon:15 true
     0 | D:1      | 0 ||| qw: Do second Lair branch before Depths: true
     0 | D:1      | 0 ||| qw: Lair rune preference: random
     0 | D:1      | 0 ||| qw: Goals: Normal
     0 | D:1      | 0 ||| PLANNING D:1-11
   150 | D:1      | Reached XP level 2. HP: 16/16 MP: 4/4
   170 | D:1      | Reached skill level 6 in Ranged Weapons
   740 | D:1      | 740 ||| DROPPING +6 ring of intelligence.
   741 | D:1      | 741 ||| READING 2 scrolls labelled KEMOLI VYILOFAC.
   741 | D:1      | 741 ||| IDENTIFYING metallic dark potion
   742 | D:1      | 742 ||| READING scroll of identify.
   742 | D:1      | 742 ||| IDENTIFYING 3 glowing dark potions
   743 | D:1      | 743 ||| READING scroll labelled RAEKEH HICWI.
   743 | D:1      | 743 ||| ENCHANTING +0 shortbow.
   744 | D:1      | 744 ||| DROPPING scroll of butterflies.
   745 | D:1      | 745 ||| DROPPING potion of lignification.
   786 | D:2      | 786 ||| FLEEEEING.
   787 | D:2      | 787 ||| STAIRDANCE
   807 | D:2      | 807 ||| STAIRDANCE
   831 | D:2      | 831 ||| STAIRDANCE
   867 | D:2      | Identified the +0 pair of gloves "Meraiff" {+Blink Str+3
                  | Int+3}
   889 | D:2      | Reached XP level 3. HP: 20/20 MP: 5/5
   906 | D:2      | Reached skill level 7 in Ranged Weapons
   906 | D:2      | 906 ||| FLEEEEING.
   910 | D:2      | 910 ||| FLEEEEING.
  1181 | D:2      | Reached XP level 4. HP: 9/25 MP: 6/6
  1339 | D:2      | 1339 ||| UPGRADING to +0 pair of gloves "Meraiff" {+Blink
                  | Str+3 Int+3}.
  1344 | D:2      | 1344 ||| UPGRADING to +0 ring mail of poison resistance.
  1354 | D:2      | 1354 ||| DROPPING +0 leather armour.
  1355 | D:2      | 1355 ||| UPGRADING to +0 cloak.
  1360 | D:2      | 1360 ||| UPGRADING to amulet of reflection.
  1365 | D:2      | 1365 ||| UPGRADING to ring of protection from fire.
  1366 | D:2      | 1366 ||| READING 2 scrolls of identify.
  1366 | D:2      | 1366 ||| IDENTIFYING 2 purple potions
  1367 | D:2      | 1367 ||| READING scroll of identify.
  1367 | D:2      | 1367 ||| IDENTIFYING 2 red potions
  1368 | D:2      | 1368 ||| READING scroll labelled OSOUPA YXENT.
  1369 | D:2      | 1369 ||| READING scroll labelled POHYLA YLICOCK.
  1370 | D:2      | 1370 ||| READING scroll labelled FEJIOCR INTEWN.
  1471 | D:2      | 1471 ||| READING scroll labelled ICVIQUA SUCOCW.
  1476 | D:2      | 1476 ||| READING scroll labelled AWYPTE FYJE.
  1477 | D:2      | 1477 ||| READING scroll labelled PUT MIBBAS.
  1477 | D:2      | 1477 ||| BRANDING +1 shortbow.
  1478 | D:2      | 1478 ||| DROPPING 2 potions of degeneration.
  1553 | D:3      | Found a faded altar of an unknown god.
  1567 | D:3      | Reached skill level 8 in Ranged Weapons
  1588 | D:3      | Reached XP level 5. HP: 29/29 MP: 7/7
  1793 | D:3      | Reached skill level 9 in Ranged Weapons
  2039 | D:3      | 2039 ||| DROPPING amulet of the acrobat.
  2040 | D:3      | 2040 ||| READING scroll labelled PAPPIOGIER.
  2040 | D:3      | 2040 ||| ENCHANTING +0 cloak.
  2041 | D:3      | 2041 ||| READING 3 scrolls labelled BUB NU YFA.
  2042 | D:3      | 2042 ||| DROPPING 2 scrolls of fog.
  2102 | D:4      | 2102 ||| PLANNING SEWER
  2133 | D:4      | Found a glowing drain.
  2136 | Sewer    | Entered a sewer
  2189 | Sewer    | Reached skill level 3 in Dodging
  2251 | Sewer    | Reached XP level 6. HP: 35/35 MP: 8/8
  2273 | Sewer    | Reached skill level 1 in Armour
  2567 | D:4      | 2567 ||| PLANNING D:1-11
  2581 | D:4      | Found an ancient bone altar of Kikubaaqudgha.
  2608 | D:4      | 2608 ||| READING scroll of enchant armour.
  2608 | D:4      | 2608 ||| ENCHANTING +1 cloak.
  2615 | D:4      | Reached skill level 10 in Ranged Weapons
  2715 | D:4      | Found a white marble altar of Elyvilon.
  2827 | D:4      | Noticed Pikel
  2832 | D:4      | 2832 ||| RETREEEEATING.
  2833 | D:4      | 2833 ||| RETREEEEATING.
  2834 | D:4      | 2834 ||| RETREEEEATING.
  2837 | D:4      | Noticed Blork the orc
  2845 | D:4      | Killed Pikel
  2846 | D:4      | Reached skill level 12 in Ranged Weapons
  2846 | D:4      | Reached XP level 7. HP: 18/40 MP: 9/9
  2849 | D:4      | Killed Blork the orc
  2850 | D:4      | Reached XP level 8. HP: 14/44 MP: 10/10
  2853 | D:4      | HP: 6/44 [gnoll/+0 spear[a gnoll sergeant] (7)]
  2854 | D:4      | 2854 ||| DRINKING 2 potions of heal wounds.
  2858 | D:4      | 2858 ||| DRINKING potion of heal wounds.
  2865 | D:4      | HP: 11/44 [gnoll/+0 spear (7)]
  2870 | D:4      | HP: 11/44 [gnoll sergeant/+0 spear (1)]
  2871 | D:4      | HP: 4/44 [gnoll sergeant/+0 spear (8)]
  2872 | D:4      | Slain by a gnoll sergeant

Levels and vault maps discovered:
D:1:      lightli_arrival_noodles, layout_basic, minmay_misc_feat_encased
D:2:      layout_rooms, minmay_ruptured
D:3:      layout_basic, chequers_ecumenical_altar_simple_redux
D:4:      layout_loops_ring, nicolae_overflow_crystal_walls, elyvilon_altar_3,
          mainiacjoe_sewer_entry_somewhere_in_here_1, grunt_ministairs_11,
          nicolae_grassy_gnolls, uniq_blork_the_orc, uniq_pikel

Skill      XL: |  1  2  3  4  5  6  7  8 |
---------------+-------------------------+-----
Ranged Weapons | 6 7 8 9 12 | 12.4
Fighting       | 2 |  2.1
Dodging        | 3 4 |  4.0
Armour         | 1 |  1.0
Stealth        | |  1.2

Action                     |  1- 3 |  4- 6 |  7- 9 || total
---------------------------+-------+-------+-------++-------
   Fire: Shortbow          |    83 |   190 |    25 ||   298
    Use: Scroll            |     3 |    11 |       ||    14
         Potion            |       |       |     2 ||     2
 Armour: Leather armour    |    16 |       |       ||    16
         Ring mail         |       |    36 |    24 ||    60
  Dodge: Dodged            |    14 |    25 |    15 ||    54
  Block: Other             |       |    14 |    11 ||    25

Table legend:
 A = Non-vault XP
 B = Vault XP
 C = Vault XP percentage of total XP
 D = Non-vault monster count
 E = Vault monster count
 F = Vault count percentage of total count
                 A         B        C        D         E       F
            +---------+---------+-------+---------+---------+-------
      Total |     423 |    1092 |  72.1 |      76 |      40 |  34.5
            +---------+---------+-------+---------+---------+-------
        D:1 |      31 |       0 |   0.0 |      18 |       0 |   0.0
        D:2 |      70 |       4 |   5.4 |      18 |       2 |  10.0
        D:3 |     182 |       0 |   0.0 |      26 |       0 |   0.0
        D:4 |     140 |     789 |  84.9 |      14 |      11 |  44.0
      Sewer |       0 |     299 | 100.0 |       0 |      27 | 100.0
            +---------+---------+-------+---------+---------+-------
